 Dungeon Crawl Stone Soup version 0.18-a0-241-g014938f (webtiles) character file.

32 MrRokkomies the Vexing (level 3, -29/16 HPs)
             Began as a Vine Stalker Enchanter on Nov 25, 2015.
             Killed from afar by a jackal (36 damage)
             ... with an exploding inner flame
             ... hexed by the player character
             ... on level 2 of the Dungeon.
             The game lasted 00:03:05 (723 turns).

MrRokkomies the Vexing (Vine Stalker Enchanter)      Turns: 723, Time: 00:03:07

Health: -29/16     AC:  3    Str: 10    XL:     3   Next: 25%
Magic:  0/7        EV: 12    Int: 16    God:
Gold:   65         SH:  0    Dex: 14    Spells: 3 memorised, 0 levels left

rFire  . . .     SeeInvis .     a - +1 dagger
rCold  . . .     Clarity  .     b - +1 robe
rNeg   . . .     SustAt   .     (no shield)
rPois  .         Gourm    .     (no helmet)
rElec  .         Spirit   +     (no cloak)
rCorr  .         Warding  .     (no gloves)
rMut   .         Stasis   .     (no boots)
MR     .....                    (no amulet)
Stlth  ++........               (no ring)
                                (no ring)

@: lethally poisoned (-29 -> -31), not resistant to hostile enchantments,
unstealthy
A: fangs 2, regeneration 1, magic shield, antimagic bite, no device heal 3, rot
immunity
a: no special abilities


You were on level 2 of the Dungeon.
You were not hungry.

You visited 1 branch of the dungeon, and saw 2 of its levels.

You collected 65 gold pieces.

Inventory:

Hand Weapons
 a - a +1 dagger (weapon)
Armour
 b - a +1 robe (worn)
Potions
 e - a potion of cure mutation {unknown}
 h - a potion of flight {unknown}
Books
 c - a book of Maledictions

   Spells                             Type                      Level
   a - Corona                         Hexes                        1
   b - Ensorcelled Hibernation        Hexes/Ice                    2
   c - Confuse                        Hexes                        3
   d - Tukima's Dance                 Hexes                        3
   e - Dazzling Spray                 Conjuration/Hexes            3
Comestibles
 d - a bread ration
 f - 2 beef jerkies
 j - a meat ration


   Skills:
 + Level 1.5 Short Blades
 - Level 1.5 Dodging
 - Level 3.6 Stealth
 - Level 2.1 Spellcasting
 * Level 4.0 Hexes


You couldn't memorise any spells.
You knew the following spells:

 Your Spells              Type           Power        Failure   Level  Hunger
a - Corona                Hex            ##.....      4%          1    #......
b - Ensorcelled Hibernat  Hex/Ice        #.....       14%         2    ###....
c - Confuse               Hex            ##......     12%         3    ###....


Dungeon Overview and Level Annotations

Branches:
Dungeon (2/15)

Altars:


Innate Abilities, Weirdness & Mutations

You have extremely sharp teeth.
Your natural rate of healing is unusually fast.
When hurt, damage is shared between your health and your magic reserves.
Your bite disrupts and absorbs the magic of your enemies.
Potions and wands cannot restore your health.
You are immune to rotting.


Message History

The jackal is severely wounded.
You feel sick. The jackal barely misses you. The adder bites you.
You are more poisoned.
The adder poisons you! The jackal barely misses you.
You miss the jackal. Your bite misses the jackal.
The jackal is severely wounded.
The adder bites you but does no damage. The jackal bites you.
You hit the jackal. Your bite misses the jackal.
The jackal is almost dead.
You feel sick.
The jackal bites you but does no damage.
The adder bites you but does no damage.
You hit the jackal.
The jackal explodes!
The fiery explosion engulfs the jackal.
The jackal explodes!
Your Hexes skill increases to level 4!
The fiery explosion engulfs you!
Ouch! That really hurt!
You die...

*,*,*
*,,,,,,..##.#.#,*****,***
*,,,*****,,,<,,..##.#.#,*
*,,,,
**,,**,,,,,,,**#......*,*
*****
*,,,*,*****,###.#...#*,*
*,,,*,*,,**,,.......#*,*
*,,,*,*,,*****#.##..##.#
**,,,*,*,,* #§§).....#
,,,,,,,*,,* #§########
,,,,,,,*,,**** #@S......*
,,,>,,,*,,,,,**########.*
*,,,,*,*,,,,,,,,,,*
*,********
*,,,,*,*****,****,*
*,,,,,,,,* ,,*,**,,,,,,,*
*,* *,******,*
,,*,********** *,*****,*
*,* ,**,*
*,,,,,,,******,* ,**,*
*,,****,,,,,**,* ,**,*
*,,*,,,,***,**,*


You could see an adder (inner flame).

Vanquished Creatures
  An ooze (D:1)
  2 giant geckos (D:1)
  2 bats (D:1)
  A giant cockroach (D:1)
  5 hobgoblins
  4 kobolds (D:1)
  2 giant newts (D:1)
  3 goblins (D:1)
  2 jackals (D:2)
  3 rats (D:1)
25 creatures vanquished.

Notes
Turn   | Place    | Note
--------------------------------------------------------------
     0 | D:1      | MrRokkomies the Vine Stalker Enchanter began the quest for the Orb.
     0 | D:1      | Reached XP level 1. HP: 9/9 MP: 4/4
    34 | D:1      | Reached skill level 1 in Short Blades
   110 | D:1      | Reached XP level 2. HP: 13/13 MP: 6/6
   122 | D:1      | Learned a level 2 spell: Ensorcelled Hibernation
   432 | D:1      | Reached XP level 3. HP: 12/16 MP: 4/7
   471 | D:1      | Learned a level 3 spell: Confuse
   723 | D:2      | Reached skill level 4 in Hexes
   723 | D:2      | Killed from afar by a jackal

Vault maps used:
D:1:      dpeg_arrival_pits
D:2:      lemuel_round_altar, nicolae_overflow_crystal_walls, first_bread

Action                   || total
-------------------------++-------
Melee: Dagger            ||    95
 Cast: Ensorcelled Hiber ||     5
  Use: Scroll            ||     2
 Stab: Sleeping          ||     9
